 Dungeon Crawl Stone Soup version 0.22.0-38-g04b72b8 (webtiles) character file.

31868 glosham the Severer (level 13, 116/116 HPs)
             Began as a Minotaur Gladiator on Aug 26, 2018.
             Was a Follower of Uskayaw.
             Quit the game on level 4 of the Lair of Beasts.
             The game lasted 01:32:12 (16470 turns).

glosham the Severer (Minotaur Gladiator)           Turns: 16470, Time: 01:32:13

Health: 116/116    AC: 27    Str: 22    XL:     13   Next: 28%
Magic:  19/19      EV: 12    Int:  5    God:    Uskayaw [*.....]
Gold:   1095       SH:  0    Dex: 14    Spells: 10/12 levels left

rFire    + + .     SeeInvis .   a - +3 war axe (venom)
rCold    + . .     Gourm    .   (no shield)
rNeg     . . .     Faith    .   X - +3 plate armour
rPois    .         Spirit   .   U - +2 hat
rElec    .         Reflect  .   Y - scarf {rC+ rF+}
rCorr    .         Harm     .   V - +1 pair of gloves
MR       .....                  W - +2 pair of boots
Stlth    ..........             (no amulet)
HPRegen  0.29/turn              A - +1 ring of protection
MPRegen  0.16/turn              B - ring of protection from fire

@: no status effects
A: retaliatory headbutt, horns 2
a: Stomp, Renounce Religion


You were on level 4 of the Lair of Beasts.
You worshipped Uskayaw.
Uskayaw was aware of your devotion.
You were very hungry.

You visited 2 branches of the dungeon, and saw 13 of its levels.
You also visited: Ossuary and Volcano.

You collected 1095 gold pieces.

Inventory:

Hand Weapons
 a - a +3 war axe of venom (weapon)
 b - a +2 morningstar of pain
 c - a +0 battleaxe
Missiles
 d - 4 throwing nets (quivered)
 j - 11 arrows
 E - 6 javelins
Armour
 w - a +2 plate armour of fire resistance
 M - a +2 leather armour of magic resistance
 S - +0 acid dragon scales
 U - a +2 hat (worn)
 V - a +1 pair of gloves (worn)
 W - a +2 pair of boots (worn)
 X - a +3 plate armour (worn)
 Y - a scarf of resistance (worn)
Magical Staves
 n - an uncursed staff of summoning
Jewellery
 A - a +1 ring of protection (left hand)
 B - a ring of protection from fire (right hand)
 C - an uncursed ring of ice
 Z - an uncursed ring of wizardry
Wands
 f - a wand of flame (7)
 h - a wand of iceblast (4)
Scrolls
 g - 2 scrolls of enchant weapon
 i - 2 scrolls of magic mapping
 k - 4 scrolls of teleportation
 l - 2 scrolls of blinking
 m - 2 scrolls of fog
 o - 6 scrolls of remove curse
 p - 3 scrolls of identify
Potions
 q - a potion of ambrosia
 r - 3 potions of curing
 s - a potion of heal wounds
 t - a potion of magic
 u - a potion of resistance
 v - 5 potions of haste
 x - a potion of agility
 y - 2 potions of might
 z - 3 potions of cancellation
 D - 3 potions of flight
 F - a potion of invisibility
Comestibles
 e - 24 rations


   Skills:
 + Level 11.4 Fighting
 * Level 15.6 Axes
 - Level 2.0 Throwing
 + Level 11.0 Armour
 + Level 10.6 Dodging
 + Level 9.3 Invocations


You had 10 spell levels left.
You knew the following spells:

 Your Spells              Type           Power        Failure   Level  Hunger
a - Apportation           Tloc           #.....       100%        1    ##.....
A - Animate Skeleton      Necr           N/A          100%        1    ##.....

Your spell library contained the following spells:

 Spells                   Type           Power        Failure   Level  Hunger
 Confusing Touch          Hex            #.....       100%        1    ##.....
 Corona                   Hex            #......      100%        1    ##.....
 Flame Tongue             Conj/Fire      #....        100%        1    ##.....
 Sting                    Conj/Pois      #...         100%        1    ##.....
 Summon Small Mammal      Summ           #...         100%        1    ##.....
 Ensorcelled Hibernation  Hex/Ice        #.....       100%        2    ###....
 Poisonous Vapours        Pois/Air       #.....       100%        2    ###....
 Throw Flame              Conj/Fire      #.....       100%        2    ###....
 Confuse                  Hex            #.......     100%        3    ####...
 Conjure Flame            Conj/Fire      #.......     100%        3    ####...
 Dazzling Spray           Conj/Hex       #.....       100%        3    ####...
 Inner Flame              Hex/Fire       #.......     100%        3    ####...
 Mephitic Cloud           Conj/Pois/Air  #.......     100%        3    ####...
 Tukima's Dance           Hex            #.......     100%        3    ####...
 Olgreb's Toxic Radiance  Pois           #.......     100%        4    #####..
 Sticky Flame             Conj/Fire      #.......     100%        4    #####..
 Fireball                 Conj/Fire      #.........   100%        5    ######.
 Venom Bolt               Conj/Pois      #.........   100%        5    ######.


Dungeon Overview and Level Annotations

Branches:
Dungeon (9/15)             Temple (0/1) D:5            Lair (4/6) D:9
 Shoals (0/4) Lair:2       Spider (0/4) Lair:3
    Orc: D:9-12

Altars:
Dithmenos
Gozag
Kikubaaqudgha
Makhleb
Okawaru
Qazlal
Ru
Sif Muna
Trog
Uskayaw
Xom
The Shining One


Innate Abilities, Weirdness & Mutations

You reflexively headbutt those who attack you in melee.
You have a pair of horns on your head.


Message History

You are too injured to fight recklessly!
You are too injured to fight recklessly!
You slash the death yak!
The death yak looks as sick as possible!
Your headbutt misses the death yak.
The death yak is severely wounded.
You slash the death yak!
The death yak looks as sick as possible!
The death yak is almost dead.
The death yak gores you!
You slash the death yak!
You kill the death yak!
Uskayaw will force your foes to share their pain.
Things that are here:
a death yak corpse x2
Magic restored.
There is a stone staircase leading down here.
You start resting.
You can no longer pass through a line of other dancers.
You are feeling hungry.
You start resting.
You are feeling very hungry.
You start resting.
HP restored.
You climb downwards.
There is a stone staircase leading up here.
F - a murky blue potion
As you read the scroll of identify, it crumbles to dust.
F - a potion of invisibility
Found a pair of boots.
G - a scroll labeled IKHAKO QEGUR
As you read the scroll labeled IKHAKO QEGUR, it crumbles to dust.
Magic quickly surges around you.
It was a scroll of vulnerability.
You start waiting.
You feel less vulnerable to hostile enchantments.
Saving game... please wait.
Welcome back, glosham the Minotaur Gladiator.
Uskayaw says: Surrender yourself to the rhythm!
Press ? for a list of commands and other information.
Are you sure you want to abandon this character and quit the game? (Confirm with "yes".)

.................
###..##...####### ......
# ######..## ......
########...##### ......
.#..##P......#P###......
........................
........................
#..##.###.#P.#.#........
#...## #####.#.@.....[.
...## ####........ ...##
#........ ....##
#........ ........
......... ........
......... #.#.....
......... ........
.......... ........


There were no monsters in sight!

Vanquished Creatures
  Fannar (Lair:2)
  A hydra (Lair:2)
  A dancing weapon (Volcano)
  6 death yaks (Lair:3)
  Urug (Lair:4)
  Nergalle (Lair:3)
  5 wizards (Volcano)
  An orb spider (Lair:3)
  2 black mambas
  Joseph (D:7)
  5 toenail golems (Volcano)
  9 spiny frogs
  3 komodo dragons
  A rime drake (Lair:1)
  2 trolls (D:9)
  8 blink frogs (Lair:4)
  A snapping turtle (Lair:2)
  4 hippogriffs
  A spriggan (D:8)
  30 yaks
  5 basilisks
  A wyvern (D:9)
  An acid dragon (D:8)
  5 water moccasins
  3 orc warriors
  10 porcupines
  A sky beast (D:5)
  Purgy (D:3)
  An eye of draining (D:6)
  2 ice beasts
  11 wolves
  3 centaurs
  8 crocodiles
  14 bullfrogs
  8 big kobolds
  5 scorpions
  10 killer bees
  4 wights (D:8)
  A howler monkey (D:6)
  5 electric eels
  4 crimson imps
  A human zombie (Ossuary)
  A centaur skeleton (D:8)
  A centaur zombie (D:8)
  3 orc priests (D:9)
  9 hounds
  Jessica (D:9)
  5 orc wizards
  4 worker ants
  A big kobold zombie (Ossuary)
  2 mummies (Ossuary)
  2 worker ant zombies
  8 gnolls
  10 adders
  A shadow imp (D:9)
  3 oozes
  An adder skeleton (D:4)
  2 adder zombies
  2 worms (D:2)
  5 dart slugs
  2 leopard geckos
  29 orcs
  3 ball pythons
  2 giant cockroaches (D:3)
  5 gnoll zombies (Ossuary)
  8 goblins
  13 hobgoblins
  6 jackals
  52 kobolds
  7 quokkas
  11 bats
  4 frilled lizards
  A giant cockroach zombie (D:6)
  A goblin zombie (Ossuary)
  3 hobgoblin zombies (Ossuary)
  2 jackal skeletons
  3 orc zombies (Ossuary)
  8 rats
409 creatures vanquished.

Vanquished Creatures (others)
  5 fungi
  A plant (Lair:4)
6 creatures vanquished.

Grand Total: 415 creatures vanquished

Notes
Turn   | Place    | Note
-------+----------+-------------------------------------------
     0 | D:1      | glosham the Minotaur Gladiator began the quest for the Orb.
     0 | D:1      | Reached XP level 1. HP: 18/18 MP: 0/0
    77 | D:1      | Reached skill level 4 in Axes
   109 | D:1      | Reached XP level 2. HP: 25/25 MP: 1/1
   409 | D:1      | Reached skill level 3 in Fighting
   572 | D:1      | Found a hide-covered altar of Uskayaw.
   578 | D:1      | Became a worshipper of Uskayaw the Reveler
   730 | D:1      | Reached * piety under Uskayaw
  1075 | D:2      | Reached XP level 3. HP: 31/31 MP: 2/2
  1076 | D:2      | Noticed an ice beast
  1086 | D:2      | Reached ** piety under Uskayaw
  1088 | D:2      | Reached skill level 1 in Armour
  1090 | D:2      | Reached *** piety under Uskayaw
  1091 | D:2      | Reached **** piety under Uskayaw
  1092 | D:2      | Killed an ice beast
  1092 | D:2      | Reached skill level 5 in Axes
  1092 | D:2      | Reached skill level 2 in Armour
  1092 | D:2      | Reached skill level 1 in Invocations
  1092 | D:2      | Reached XP level 4. HP: 36/39 MP: 3/3
  1166 | D:2      | Reached XP level 5. HP: 45/45 MP: 5/5
  1791 | D:3      | Noticed Purgy
  1807 | D:3      | Killed Purgy
  1807 | D:3      | Reached skill level 4 in Fighting
  1807 | D:3      | Reached skill level 6 in Axes
  1807 | D:3      | Reached skill level 2 in Invocations
  1807 | D:3      | Reached XP level 6. HP: 36/52 MP: 6/6
  2322 | D:3      | Reached skill level 4 in Dodging
  2621 | D:3      | Found a sacrificial altar of Ru.
  2875 | D:4      | Reached skill level 3 in Armour
  3064 | D:4      | Reached XP level 7. HP: 60/60 MP: 7/7
  3133 | D:4      | Found an opulent altar of Gozag.
  3187 | D:4      | Found an iron altar of Okawaru.
  3336 | D:4      | Reached skill level 7 in Axes
  3393 | D:4      | Found a shimmering altar of Xom.
  3393 | D:4      | Found a burning altar of Makhleb.
  3489 | D:5      | Entered Level 5 of the Dungeon
  3865 | D:5      | Found a staircase to the Ecumenical Temple.
  3981 | D:5      | Reached skill level 5 in Fighting
  3981 | D:5      | Reached skill level 3 in Invocations
  4029 | D:5      | Reached skill level 4 in Armour
  4042 | D:5      | HP: 2/61 [killer bee (5)]
  4049 | D:5      | Reached XP level 8. HP: 23/68 MP: 9/9
  4556 | D:6      | Reached skill level 8 in Axes
  4556 | D:6      | Reached skill level 5 in Dodging
  4667 | D:6      | Found a bloodstained altar of Trog.
  4766 | D:6      | Found a sand-covered staircase.
  4812 | Ossuary  | Entered an ossuary
  5082 | D:6      | Reached skill level 4 in Invocations
  5174 | D:6      | Reached skill level 6 in Fighting
  5235 | D:6      | Reached skill level 5 in Armour
  5311 | D:6      | Reached skill level 9 in Axes
  5353 | D:6      | Reached XP level 9. HP: 77/77 MP: 11/11
  5752 | D:6      | Found an ancient bone altar of Kikubaaqudgha.
  5757 | D:6      | Found a shadowy altar of Dithmenos.
  5928 | D:7      | Noticed Joseph
  5950 | D:7      | Killed Joseph
  5950 | D:7      | Reached skill level 6 in Dodging
  6156 | D:7      | Reached skill level 10 in Axes
  6223 | D:7      | Reached skill level 6 in Armour
  6223 | D:7      | Reached skill level 5 in Invocations
  6246 | D:7      | Learned a level 1 spell: Apportation
  6248 | D:7      | Learned a level 1 spell: Animate Skeleton
  6280 | D:7      | Reached skill level 7 in Fighting
  6801 | D:8      | Reached ***** piety under Uskayaw
  7067 | D:8      | Found a stormy altar of Qazlal.
  7111 | D:8      | Reached XP level 10. HP: 74/86 MP: 13/13
  7257 | D:8      | Reached skill level 11 in Axes
  7419 | D:8      | Reached skill level 7 in Dodging
  8302 | D:9      | Reached skill level 7 in Armour
  8524 | D:9      | Reached skill level 8 in Fighting
  8525 | D:9      | Reached skill level 6 in Invocations
  8706 | D:9      | Found a hide-covered altar of Uskayaw.
  8822 | D:9      | Found a staircase to the Lair.
  9301 | D:9      | Noticed Jessica
  9303 | D:9      | Killed Jessica
  9309 | D:9      | Found a deep blue altar of Sif Muna.
  9370 | Lair:1   | Entered Level 1 of the Lair of Beasts
  9414 | Lair:1   | Reached skill level 12 in Axes
  9762 | Lair:1   | Reached skill level 8 in Armour
  9763 | Lair:1   | Reached skill level 8 in Dodging
  9850 | Lair:1   | Reached XP level 11. HP: 95/95 MP: 15/15
  9967 | Lair:1   | Reached skill level 9 in Fighting
  9990 | Lair:1   | Reached skill level 7 in Invocations
 10003 | Lair:1   | Reached ****** piety under Uskayaw
 10174 | Lair:1   | Identified a scroll of acquirement
 10175 | Lair:1   | Identified the +5 fustibalus "Jellyslayer" {venom, -Tele Str+9} (You acquired it on level 1 of the Lair of Beasts)
 10562 | Lair:2   | Reached skill level 13 in Axes
 10584 | Lair:1   | HP: 9/97 [poisoned by a spiny frog]
 10590 | Lair:1   | HP: 8/97 [poisoned by a spiny frog]
 10598 | Lair:1   | HP: 7/97 [poisoned by a spiny frog]
 10606 | Lair:1   | HP: 7/97 [poisoned by a spiny frog]
 11340 | Lair:2   | Reached skill level 9 in Armour
 11934 | Lair:2   | Noticed an eight-headed hydra
 11943 | Lair:2   | Killed an eight-headed hydra
 11943 | Lair:2   | Reached skill level 9 in Dodging
 12519 | Lair:2   | Found a staircase to the Shoals.
 12946 | Lair:3   | Found a glowing golden altar of the Shining One.
 12998 | Lair:3   | Reached skill level 10 in Fighting
 12998 | Lair:3   | Reached XP level 12. HP: 94/106 MP: 16/16
 13062 | Lair:3   | Reached skill level 8 in Invocations
 13159 | Lair:3   | Found a dark tunnel.
 13239 | Volcano  | Entered a volcano
 13253 | Volcano  | Reached skill level 14 in Axes
 13672 | Volcano  | Reached skill level 10 in Armour
 13908 | Lair:3   | Found a hole to the Spider Nest.
 14423 | Lair:3   | Noticed Nergalle
 14435 | Lair:3   | Killed Nergalle
 14435 | Lair:3   | Reached skill level 10 in Dodging
 14443 | Lair:2   | Noticed Fannar
 14635 | Lair:2   | Killed Fannar
 14676 | Lair:3   | Reached skill level 15 in Axes
 14679 | Lair:3   | Reached skill level 11 in Fighting
 15018 | Lair:4   | Noticed a death yak
 15022 | Lair:4   | Noticed a death yak
 15026 | Lair:4   | Noticed a death yak
 15026 | Lair:4   | Noticed a death yak
 15058 | Lair:3   | Killed a death yak
 15319 | Lair:4   | Noticed a death yak
 15320 | Lair:4   | Noticed a death yak
 15343 | Lair:3   | Killed a death yak
 15343 | Lair:3   | Reached skill level 9 in Invocations
 15461 | Lair:3   | Reached XP level 13. HP: 110/116 MP: 18/18
 15500 | Lair:4   | Noticed Urug
 15521 | Lair:4   | Killed Urug
 16130 | Lair:3   | Reached skill level 11 in Armour
 16470 | Lair:4   | Quit the game

Skill      XL: |  1  2  3  4  5  6  7  8  9 10 11 12 13 |
---------------+----------------------------------------+-----
Axes           | 4 5 6 7 9 10 12 13 15 | 15.6
Fighting       | 3 4 5 6 7 8 10 11 | 11.4
Armour         | 2 3 4 5 6 8 9 10 11 | 11.0
Invocations    | 1 2 3 4 5 6 7 9 |  9.3
Dodging        | 4 5 6 8 9 10 | 10.6
Throwing       | |  2.0

Action                   |  1- 3 |  4- 6 |  7- 9 | 10-12 | 13-15 || total
-------------------------+-------+-------+-------+-------+-------++-------
Melee: War axe           |    42 |   160 |   331 |   604 |    66 ||  1203
       Headbutt          |     4 |    27 |    66 |   148 |    21 ||   266
       Morningstar       |       |       |       |     3 |       ||     3
Throw: Throwing net      |       |       |     1 |       |     4 ||     5
Invok: Line Pass         |       |       |     1 |       |       ||     1
Evoke: Wand              |       |       |       |    21 |       ||    21
  Use: Scroll            |     4 |    10 |    14 |     7 |     3 ||    38
       Potion            |       |       |     5 |     5 |       ||    10
 Stab: Paralysed         |     1 |     3 |    15 |    47 |    19 ||    85
       Held in net/web   |       |       |       |       |     2 ||     2
  Eat: Chunk             |       |     6 |    14 |    19 |       ||    39
       Ration            |       |       |       |     2 |     1 ||     3
Armor: Scale mail        |    15 |    17 |       |       |       ||    32
       Leather armour    |    10 |       |       |       |       ||    10
       Plate armour      |       |    99 |   220 |   348 |    18 ||   685
Dodge: Dodged            |    26 |    78 |   139 |   218 |    21 ||   482

Table legend:
 A = Turns spent in this place as a percentage of turns spent in the entire game.
 B = Non-inter-level travel turns spent in this place as a percentage of non-inter-level travel turns spent in the entire game.
 C = Inter-level travel turns spent in this place as a percentage of turns spent in this place.
 D = Turns resting spent in this place as a percentage of non-inter-level travel turns spent in this place.
 E = Turns spent auto-exploring this place as a percentage of non-inter-level travel turns spent in this place.
 F = Non-inter-level travel turns spent in this place divided by the number of levels of this place that you've seen.
                   A       B       C       D       E      F
               +-------+-------+-------+-------+-------+----------------------
         Total | 100.0 | 100.0 |   4.8 |  33.6 |  42.7 | 1045.1
       Dungeon |  56.9 |  56.5 |   5.5 |  18.1 |  57.8 | 983.4
          Lair |  38.6 |  38.8 |   4.3 |  54.3 |  24.9 | 1519.0
       Ossuary |   0.8 |   0.9 |   0.0 |  21.6 |  33.6 | 134.0
       Volcano |   3.7 |   3.9 |   0.0 |  55.0 |   3.6 | 615.0
               +-------+-------+-------+-------+-------+----------------------

Table legend:
 A = Kills in this place as a percentage of kills in entire the game.
 B = Kills by you in this place as a percentage of kills by you in the entire game.
 C = Kills by friends in this place as a percentage of kills by friends in the entire game.
 D = Other kills in this place as a percentage of other kills in the entire game.
 E = Experience gained in this place as a percentage of experience gained in the entire game.
 F = Experience gained in this place divided by the number of levels of this place that you have seen.
                   A       B       C       D       E      F
               +-------+-------+-------+-------+-------+----------------------
         Total | 100.0 | 100.0 |   N/A |   N/A | 100.0 | 3035.1
       Dungeon |  66.0 |  66.0 |   N/A |   N/A |  19.3 | 976.8
          Lair |  27.4 |  27.4 |   N/A |   N/A |  65.7 | 7475.2
       Ossuary |   3.9 |   3.9 |   N/A |   N/A |   0.3 | 119.0
       Volcano |   2.7 |   2.7 |   N/A |   N/A |  14.8 | 6716.0
               +-------+-------+-------+-------+-------+----------------------

Vault maps used:
D:1:      kilobyte_arrival_exit_the_forest, kennysheep_flooded_box
D:3:      nicolae_ru_sacrificial_ziggurat, grunt_ministairs_4,
          corexii_hall_statues_s, minmay_fountain_box, skrybe_limestone_x,
          minmay_divided_ellipse, uniq_purgy
D:4:      grunt_temple_overflow_champion_of_chaos, grunt_gozag_statues,
          first_ration, okawaru_trees_2
D:5:      minmay_temple_entry_junction_2
D:6:      minmay_goblin_kobold_castle, amethyst_overflow_temple_binary,
          nicolae_ossuary_entry_ruins, palyth_stone_intersect,
          nicolae_lava_and_water, trog_eyes_of_draining
D:7:      lemuel_ice_spiral_2, uniq_joseph
D:8:      grunt_qazlal_sundering, the_bakery
D:9:      kennysheep_little_box, tgw_sif, erik_lair_island
Lair:1:   nicolae_lair_grove_arrangements, nicolae_quartered_pool_medium
Lair:2:   minmay_shoals_entry_hut, grunt_megastairs_2, serial_bayou_shore_b,
          serial_bayou_shore_b, lemuel_fruit_fields, uniq_fannar
Lair:3:   nicolae_spider_entry_orb_guardian, enter_volcano_2, basic_altar,
          serial_bayou_shore_b, uniq_nergalle
Lair:4:   uniq_urug
Ossuary:  minmay_ossuary_gauntlet
Volcano:  volcano_bunker
